TOP OF THE 1ST |
Pawnee ParksNRec batting - Pitching for Jersey City Tritons : RHP Francisco Sandoval
|
Pitching: RHP Francisco Sandoval
|
|
Batting: LHB Ryan Marken
|
0-0: Ball 1-0: Called Strike 1-1: Ball 2-1: Ball 3-1: Base on Balls
|
Batting: RHB Rubén Alvarado
|
0-0: Foul Ball, location: 2F 0-1: Ball 1-1: Swinging Strike 1-2: SINGLE (Flyball, 7S) Ryan Marken to second
|
Batting: RHB David Tineo
|
0-0: Grounds into double play, 6-4-3 (Groundball, 6) Ryan Marken to third
|
Batting: RHB Gustavo González
|
0-0: Foul Ball, location: 2F 0-1: Ball 1-1: Ground out 6-3 (Groundball, 6)
|
Top of the 1st over - 0 runs, 1 hit, 0 errors, 1 left on base; Pawnee 0 - Jersey City 0 |
BOTTOM OF THE 1ST |
Jersey City Tritons batting - Pitching for Pawnee ParksNRec : RHP Wally Copeland
|
Pitching: RHP Wally Copeland
|
|
Batting: LHB Dana Waldrip
|
0-0: Ball 1-0: Fly out, F8 (Flyball, 8LS)
|
Batting: SHB Dave Atkins
|
0-0: Ball 1-0: Ground out U3 (Groundball, 3)
|
Batting: LHB Víctor Robledo
|
0-0: Called Strike 0-1: Foul Ball, location: 2F 0-2: Foul Ball, location: 2F 0-2: Ball 1-2: SINGLE (Line Drive, 8LS)
|
Batting: RHB Rand McNally
|
0-0: Ball 1-0: Swinging Strike 1-1: Fly out, F8 (Flyball, 8RM)
|
Bottom of the 1st over - 0 runs, 1 hit, 0 errors, 1 left on base; Pawnee 0 - Jersey City 0 |
TOP OF THE 2ND |
Pawnee ParksNRec batting - Pitching for Jersey City Tritons : RHP Francisco Sandoval
|
Batting: SHB Dave Gant
|
0-0: Ball 1-0: Foul Ball, location: 2F 1-1: Swinging Strike 1-2: Ball 2-2: Ball 3-2: Foul Ball, location: 2F 3-2: Base on Balls
|
Batting: RHB Ken Bone
|
0-0: Ball 1-0: Ball 2-0: Called Strike 2-1: Fly out, F8 (Line Drive, 8RM)
|
Batting: RHB Mike Lipide
|
0-0: Fly out, F6 (Line Drive, 6M)
|
Batting: RHB Chad Silander
|
0-0: Ball 1-0: Foul Ball, location: 2F 1-1: Fielders Choice at 2nd, 5-4 (Groundball, 56)
|
Top of the 2nd over - 0 runs, 0 hits, 0 errors, 1 left on base; Pawnee 0 - Jersey City 0 |
BOTTOM OF THE 2ND |
Jersey City Tritons batting - Pitching for Pawnee ParksNRec : RHP Wally Copeland
|
Batting: RHB Carlos Rúbio
|
0-0: Ball 1-0: DOUBLE (Line Drive, 9LM)
|
Batting: SHB Holden Nolan
|
0-0: Called Strike 0-1: Called Strike 0-2: Foul Ball, location: 2F 0-2: Strikes out looking
|
Batting: LHB Bart Walton
|
0-0: SINGLE (Groundball, 34D) Carlos Rúbio to third
|
Batting: RHB Rubén Arce
|
0-0: Called Strike 0-1: Swinging Strike 0-2: Foul Ball, location: 2F 0-2: Strikes out swinging
|
Batting: SHB John Krog
|
0-0: Ball 1-0: Ball 2-0: Foul Ball, location: 2F 2-1: Foul Ball, location: 2F 2-2: Ball 3-2: Foul Ball, location: 2F 3-2: Strikes out swinging
|
Bottom of the 2nd over - 0 runs, 2 hits, 0 errors, 2 left on base; Pawnee 0 - Jersey City 0 |
TOP OF THE 3RD |
Pawnee ParksNRec batting - Pitching for Jersey City Tritons : RHP Francisco Sandoval
|
Batting: RHB Roberto Aguirre
|
0-0: Foul Ball, location: 2F 0-1: Ball 1-1: Called Strike 1-2: Ball 2-2: Fly out, F7 (Line Drive, 7)
|
Batting: LHB Ryan Marken
|
0-0: Ball 1-0: Foul Ball, location: 2F 1-1: Foul Ball, location: 2F 1-2: Ball 2-2: SINGLE (Line Drive, 7LS)
|
Batting: RHB Rubén Alvarado
|
0-0: Ground out 6-3 (Groundball, 6M) Ryan Marken to second
|
Batting: RHB David Tineo
|
0-0: Ball 1-0: Foul Ball, location: 2F 1-1: Ball 2-1: Swinging Strike 2-2: Strikes out swinging
|
Top of the 3rd over - 0 runs, 1 hit, 0 errors, 1 left on base; Pawnee 0 - Jersey City 0 |
BOTTOM OF THE 3RD |
Jersey City Tritons batting - Pitching for Pawnee ParksNRec : RHP Wally Copeland
|
Batting: LHB Dana Waldrip
|
0-0: Reached on error, E4 (Groundball, 34)
|
Batting: SHB Dave Atkins
|
0-0: Ball 1-0: SINGLE (Line Drive, 6D) Dana Waldrip to second
|
Batting: LHB Víctor Robledo
|
0-0: Ball 1-0: SINGLE (Flyball, 7S) Dana Waldrip to third Dave Atkins to second Runner from 3rd tries for Home, SAFE, no throw
|
Batting: RHB Rand McNally
|
0-0: Ground out 4-3 (Groundball, 4S) Dave Atkins to third Víctor Robledo to second
|
Batting: RHB Carlos Rúbio
|
0-0: Called Strike 0-1: Fly out, F8 (Flyball, 8LM) Runner from 3rd tags up, SCORES, throw made
|
Batting: SHB Holden Nolan
|
0-0: Ball 1-0: Swinging Strike 1-1: Fly out, F8 (Flyball, 89M)
|
Bottom of the 3rd over - 2 runs, 2 hits, 1 error, 1 left on base; Pawnee 0 - Jersey City 2 |
TOP OF THE 4TH |
Pawnee ParksNRec batting - Pitching for Jersey City Tritons : RHP Francisco Sandoval
|
Batting: RHB Gustavo González
|
0-0: Fly out, F8 (Flyball, 8RS)
|
Batting: SHB Dave Gant
|
0-0: Fly out, F2 (Popup, 2LF)
|
Batting: RHB Ken Bone
|
0-0: Ball 1-0: Ball 2-0: Ground out 6-3 (Groundball, 6S)
|
Top of the 4th over - 0 runs, 0 hits, 0 errors, 0 left on base; Pawnee 0 - Jersey City 2 |
BOTTOM OF THE 4TH |
Jersey City Tritons batting - Pitching for Pawnee ParksNRec : RHP Wally Copeland
|
Batting: LHB Bart Walton
|
0-0: Ball 1-0: Ball 2-0: Foul Ball, location: 2F 2-1: Fly out, F4 (Popup, 4)
|
Batting: RHB Rubén Arce
|
0-0: Called Strike 0-1: Swinging Strike 0-2: Ball 1-2: Foul Ball, location: 2F 1-2: Strikes out swinging
|
Batting: SHB John Krog
|
0-0: Called Strike 0-1: SINGLE (Flyball, 8RS)
|
Batting: LHB Dana Waldrip
|
0-0: Ball 1-0: Ball 2-0: Foul Ball, location: 2F 2-1: Ground out 6-3 (Groundball, 6M)
|
Bottom of the 4th over - 0 runs, 1 hit, 0 errors, 1 left on base; Pawnee 0 - Jersey City 2 |
TOP OF THE 5TH |
Pawnee ParksNRec batting - Pitching for Jersey City Tritons : RHP Francisco Sandoval
|
Batting: RHB Mike Lipide
|
0-0: DOUBLE (Line Drive, 78D)
|
Batting: RHB Chad Silander
|
0-0: Foul Ball, location: 2F 0-1: Ball Mike Lipide is caught stealing 3rd base 1-1: Ball 2-1: SINGLE (Line Drive, 34D)
|
Batting: RHB Roberto Aguirre
|
0-0: Ball 1-0: Foul Ball, location: 2F 1-1: Called Strike 1-2: Ball 2-2: Ground out 6-3 (Groundball, 6S) Chad Silander to second
|
Batting: LHB Ryan Marken
|
0-0: Ball 1-0: Ball 2-0: Foul Ball, location: 2F 2-1: Ball 3-1: Base on Balls
|
Batting: RHB Rubén Alvarado
|
0-0: Called Strike 0-1: Ball 1-1: Foul Ball, location: 2F 1-2: Foul Ball, location: 2F 1-2: Ball 2-2: Foul Ball, location: 2F 2-2: Foul Ball, location: 2F 2-2: Foul Ball, location: 2F 2-2: Ball 3-2: Ground out 2-3 (Groundball, 2R)
|
Top of the 5th over - 0 runs, 2 hits, 0 errors, 2 left on base; Pawnee 0 - Jersey City 2 |
BOTTOM OF THE 5TH |
Jersey City Tritons batting - Pitching for Pawnee ParksNRec : RHP Wally Copeland
|
Batting: SHB Dave Atkins
|
0-0: Ball 1-0: Swinging Strike 1-1: Ball 2-1: Ground out 1-3 (Groundball, 13S)
|
Batting: LHB Víctor Robledo
|
0-0: Ball 1-0: Swinging Strike 1-1: Ground out 4-3 (Groundball, 4S)
|
Batting: RHB Rand McNally
|
0-0: Ball 1-0: Called Strike 1-1: Ball 2-1: Ball 3-1: Fly out, F9 (Line Drive, 9S)
|
Bottom of the 5th over - 0 runs, 0 hits, 0 errors, 0 left on base; Pawnee 0 - Jersey City 2 |
TOP OF THE 6TH |
Pawnee ParksNRec batting - Pitching for Jersey City Tritons : RHP Francisco Sandoval
|
Batting: RHB David Tineo
|
0-0: Ball 1-0: Ball 2-0: Foul Ball, location: 2F 2-1: Ball 3-1: Swinging Strike 3-2: Strikes out swinging
|
Batting: RHB Gustavo González
|
0-0: Ball 1-0: Ball 2-0: Ball 3-0: Called Strike 3-1: Foul Ball, location: 2F 3-2: DOUBLE (Flyball, 8LXD)
|
Batting: SHB Dave Gant
|
0-0: Called Strike 0-1: DOUBLE (Line Drive, 89M) Gustavo González scores
|
Batting: RHB Ken Bone
|
0-0: Ball 1-0: SINGLE (Flyball, 89M) Dave Gant to third
|
Batting: RHB Mike Lipide
|
0-0: Foul Ball, location: 2F 0-1: Ball 1-1: SINGLE (Line Drive, 78S) Dave Gant scores Ken Bone to second
|
Batting: RHB Chad Silander
|
0-0: Foul Ball, location: 2F 0-1: Foul Ball, location: 2F 0-2: Ball 1-2: Ball 2-2: Strikes out swinging
|
Batting: RHB Roberto Aguirre
|
0-0: Ball 1-0: Ball 2-0: Swinging Strike 2-1: Fly out, F4 (Line Drive, 4)
|
Top of the 6th over - 2 runs, 4 hits, 0 errors, 2 left on base; Pawnee 2 - Jersey City 2 |
BOTTOM OF THE 6TH |
Jersey City Tritons batting - Pitching for Pawnee ParksNRec : RHP Wally Copeland
|
Batting: RHB Carlos Rúbio
|
0-0: Ball 1-0: Ball 2-0: Called Strike 2-1: Foul Ball, location: 2F 2-2: DOUBLE (Flyball, 8RXD)
|
Batting: SHB Holden Nolan
|
0-0: Called Strike 0-1: SINGLE (Groundball, 34D) Carlos Rúbio to third
|
Batting: LHB Bart Walton
|
0-0: Ball 1-0: Called Strike 1-1: Ball 2-1: Foul Ball, location: 2F 2-2: Fly out, F6 (Popup, 6S)
|
Batting: RHB Rubén Arce
|
0-0: Foul Ball, location: 2F 0-1: Ball Pickoff Throw to First - Out! 1-1: Fly out, F8 (Flyball, 78D)
|
Bottom of the 6th over - 0 runs, 2 hits, 0 errors, 1 left on base; Pawnee 2 - Jersey City 2 |
TOP OF THE 7TH |
Pawnee ParksNRec batting - Pitching for Jersey City Tritons : RHP Francisco Sandoval
|
Pitching: RHP Joseph Chartier
|
|
Batting: LHB Ryan Marken
|
0-0: Ball 1-0: Called Strike 1-1: Ground out 3-1 (Groundball, 34S)
|
Batting: RHB Rubén Alvarado
|
0-0: Foul Ball, location: 2F 0-1: Ball 1-1: Foul Ball, location: 2F 1-2: Ball 2-2: Ball 3-2: Fly out, F7 (Flyball, 7LSF)
|
Batting: RHB David Tineo
|
0-0: Called Strike 0-1: SOLO HOME RUN (Flyball, 7LD), Distance : 366 ft
|
Batting: RHB Gustavo González
|
0-0: Foul Ball, location: 2F 0-1: Fly out, F6 (Line Drive, 6)
|
Top of the 7th over - 1 run, 1 hit, 0 errors, 0 left on base; Pawnee 3 - Jersey City 2 |
BOTTOM OF THE 7TH |
Jersey City Tritons batting - Pitching for Pawnee ParksNRec : RHP Wally Copeland
|
Batting: SHB John Krog
|
0-0: Called Strike 0-1: Ball 1-1: Ball 2-1: Foul Ball, location: 2F 2-2: Ground out 4-3 (Groundball, 34)
|
Batting: LHB Dana Waldrip
|
0-0: Ball 1-0: Ball 2-0: Foul Ball, location: 2F 2-1: Ball 3-1: Ground out 4-3 (Groundball, 4)
|
Batting: SHB Dave Atkins
|
0-0: Ball 1-0: Ball 2-0: Ball 3-0: Base on Balls
|
Pitching: RHP Luis Fernández
|
|
Batting: LHB Víctor Robledo
|
0-0: Called Strike 0-1: Swinging Strike 0-2: Ball 1-2: Foul Ball, location: 2F 1-2: Ball 2-2: Foul Ball, location: 2F 2-2: Fly out, F8 (Flyball, 8LD)
|
Bottom of the 7th over - 0 runs, 0 hits, 0 errors, 1 left on base; Pawnee 3 - Jersey City 2 |
TOP OF THE 8TH |
Pawnee ParksNRec batting - Pitching for Jersey City Tritons : RHP Joseph Chartier
|
Batting: SHB Dave Gant
|
0-0: Ball 1-0: Foul Ball, location: 2F 1-1: Ball 2-1: Ground out 4-3 (Groundball, 4)
|
Batting: RHB Ken Bone
|
0-0: Called Strike 0-1: Ball 1-1: Foul Ball, location: 2F 1-2: Foul Ball, location: 2F 1-2: Fly out, F6 (Line Drive, 6)
|
Batting: RHB Mike Lipide
|
0-0: Ball 1-0: Ball 2-0: Ball 3-0: Called Strike 3-1: Base on Balls
|
Pitching: RHP Raúl Flores
|
|
Batting: RHB Chad Silander
|
0-0: Ball 1-0: Called Strike 1-1: Ball 2-1: Ball 3-1: Base on Balls Mike Lipide to second
|
Batting: RHB Roberto Aguirre
|
0-0: Called Strike 0-1: Ball 1-1: Swinging Strike 1-2: Strikes out looking
|
Top of the 8th over - 0 runs, 0 hits, 0 errors, 2 left on base; Pawnee 3 - Jersey City 2 |
BOTTOM OF THE 8TH |
Jersey City Tritons batting - Pitching for Pawnee ParksNRec : RHP Luis Fernández
|
Batting: RHB Rand McNally
|
0-0: Ball 1-0: Called Strike 1-1: SINGLE (Groundball, 6M) (infield hit)
|
Batting: RHB Carlos Rúbio
|
0-0: Ball 1-0: Ball 2-0: Ball 3-0: Base on Balls Rand McNally to second
|
Batting: SHB Holden Nolan
|
0-0: Ball 1-0: Bunted foul 1-1: Bunted foul 1-2: Grounds into double play, 4-6-3 (Groundball, 4D) Rand McNally to third
|
Batting: LHB Bart Walton
|
0-0: Called Strike 0-1: Ground out 3-1 (Groundball, 34)
|
Bottom of the 8th over - 0 runs, 1 hit, 0 errors, 1 left on base; Pawnee 3 - Jersey City 2 |
TOP OF THE 9TH |
Pawnee ParksNRec batting - Pitching for Jersey City Tritons : RHP Raúl Flores
|
Pitching: RHP Ricardo Rodríguez
|
|
Batting: LHB Ryan Marken
|
0-0: Called Strike 0-1: Ball 1-1: Swinging Strike 1-2: Fly out, F7 (Flyball, 7LD)
|
Batting: RHB Rubén Alvarado
|
0-0: Ball 1-0: Ball 2-0: Called Strike 2-1: Fly out, F7 (Flyball, 7D)
|
Batting: RHB David Tineo
|
0-0: Ball 1-0: Ground out 6-3 (Groundball, 6)
|
Top of the 9th over - 0 runs, 0 hits, 0 errors, 0 left on base; Pawnee 3 - Jersey City 2 |
BOTTOM OF THE 9TH |
Jersey City Tritons batting - Pitching for Pawnee ParksNRec : RHP Luis Fernández
|
Pitching: RHP Mark Sanders
|
|
Pinch Hitting: LHB Chia-ch'ing Dodman
|
0-0: Ball 1-0: Ball 2-0: Called Strike 2-1: Called Strike 2-2: Fly out, F7 (Flyball, 78D)
|
Batting: SHB John Krog
|
0-0: Called Strike 0-1: Ball 1-1: Ball 2-1: Ground out U3 (Groundball, 34)
|
Batting: LHB Dana Waldrip
|
0-0: Called Strike 0-1: Ground out 5-3 (Groundball, 56D)
|
Bottom of the 9th over - 0 runs, 0 hits, 0 errors, 0 left on base; Pawnee 3 - Jersey City 2 |
|